 Dungeon Crawl Stone Soup version 0.22-a0-231-g1b571ea (webtiles) character file.

11899 wolfsongas the Protected (level 11, 0/89 HPs)
             Began as a Gnoll Wanderer on Feb 21, 2018.
             Was an Initiate of Gozag.
             Succumbed to a black mamba's poison
             ... on level 2 of the Lair of Beasts.
             The game lasted 00:31:36 (14075 turns).

wolfsongas the Protected (Gnoll Wanderer)          Turns: 14075, Time: 00:31:37

Health: 0/89       AC: 21    Str: 24    XL:     11   Next: 84%
Magic:  20/20      EV:  9    Int: 17    God:    Gozag
Gold:   1653       SH: 12    Dex: 17    Spells: 21/23 levels left

rFire    . . .     SeeInvis .   b - +0 war axe
rCold    . . .     Gourm    .   u - +1 shield
rNeg     + . .     Faith    .   i - +0 plate armour
rPois    .         Spirit   .   v - +0 helmet
rElec    .         Reflect  .   h - +0 cloak
rCorr    .         Harm     .   o - +2 pair of gloves
MR       .....                  (no boots)
Stlth    +.........             y - amulet of Iseobb {*Slow +Rage rN+ Str+9}
HPRegen  0.24/turn              D - ring of stealth
MPRegen  0.17/turn              n - ring of stealth

@: lethally poisoned (0 -> -14), hasted, very quick
A: distributed training, fangs 1, agile 1, shaggy fur 1, strong nose
a: Potion Petition, Call Merchant, Bribe Branch, Renounce Religion, Evoke
Berserk Rage


You were on level 2 of the Lair of Beasts.
You worshipped Gozag.
Gozag was most pleased with you.
You were not hungry.

You visited 2 branches of the dungeon, and saw 13 of its levels.

You collected 2361 gold pieces.
You spent 135 gold pieces at shops.
You paid 573 gold pieces to Gozag.

Inventory:

Hand Weapons
 a - a +3 hand crossbow
 b - a +0 war axe (weapon)
Missiles
 e - 83 bolts
Armour
 h - a +0 cloak (worn)
 i - a +0 plate armour (worn)
 o - a +2 pair of gloves (worn)
 u - a +1 shield (worn)
 v - a +0 helmet (worn)
Jewellery
 n - a ring of stealth (right hand)
 y - the amulet of Iseobb (around neck) {*Slow +Rage rN+ Str+9}
   (You bought it in a shop on level 8 of the Dungeon)

   [amulet of rage]

   It affects your strength (+9).
   It protects you from negative energy.
   It lets you go berserk.
   It may slow you when you take damage.
 D - a ring of stealth (left hand)
Wands
 g - a wand of iceblast (10)
 C - a wand of flame (21)
Scrolls
 c - 4 scrolls of teleportation
 q - 2 scrolls of magic mapping
 w - a scroll of amnesia
 x - a scroll of enchant weapon
 B - 2 scrolls of remove curse
Miscellaneous
 j - a phantom mirror
Comestibles
 f - 13 rations


   Skills:
 + Level 9.3 Fighting
 + Level 6.5 Short Blades
 + Level 6.5 Long Blades
 + Level 6.5 Axes
 + Level 6.5 Maces & Flails
 + Level 6.5 Polearms
 + Level 6.5 Staves
 + Level 6.5 Slings
 + Level 6.5 Bows
 + Level 8.1 Crossbows
 + Level 6.5 Throwing
 + Level 9.3 Armour
 + Level 6.5 Dodging
 + Level 6.5 Stealth
 + Level 7.1 Shields
 + Level 6.5 Unarmed Combat
 + Level 6.5 Spellcasting
 + Level 5.4 Conjurations
 + Level 5.4 Hexes
 + Level 5.4 Charms
 + Level 5.4 Summonings
 + Level 5.4 Necromancy
 + Level 5.4 Translocations
 + Level 5.4 Transmutations
 + Level 5.4 Fire Magic
 + Level 5.4 Ice Magic
 + Level 5.4 Air Magic
 + Level 5.4 Earth Magic
 + Level 5.4 Poison Magic
 + Level 7.2 Invocations
 + Level 7.1 Evocations


You had 21 spell levels left.
You knew the following spells:

 Your Spells              Type           Power        Failure   Level  Hunger
a - Swiftness             Chrm/Air       ###.....     54%         2    None


Dungeon Overview and Level Annotations

Branches:
Dungeon (11/15)            Temple (0/1) D:6            Lair (2/6) D:10
  Swamp (0/4) Lair:2
  Snake: Lair:2-4    Spider: Lair:2-4       Orc: D:9-12

Altars:
Ashenzari
Cheibriados
Dithmenos
Elyvilon
Gozag
Hepliaklqana
Okawaru
Qazlal
Ru
Vehumet
Yredelemnul
Zin

Shops:
D:8 *}(:[   Lair:2 [


Innate Abilities, Weirdness & Mutations

Your experience applies equally to all skills.
You have very sharp teeth.
Your uncanny sense of smell can sniff out nearby items.
You are agile. (Dex +2)
You are covered in fur. (AC +1)


Message History

You feel yourself speed up.
* * * LOW HITPOINT WARNING * * *
You feel sick.
The black mamba bites you but does no damage.
You block the black mamba's attack.
You closely miss the black mamba.
The black mamba is severely wounded.
* * * LOW HITPOINT WARNING * * *
You feel sick. You block the black mamba's attack.
You hit the black mamba.
The black mamba is almost dead.
* * * LOW HITPOINT WARNING * * *
You feel sick.
The black mamba bites you but does no damage.
You block the black mamba's attack.
You barely miss the black mamba.
You bite the black mamba, but do no damage.
The black mamba is almost dead.
You die...
Your body crumbles into a pile of gold.

##* ********##.#** ****
*,**,,,*.....** #### ###*###..#
,,,,,,,,.>...,**###..###.##.#....
,,,,,,,,......,##...........#..PP
*,,,,,,,......##...........#...*,
*,,,,,,,.......##..........#.##,*
,,,,,,,,......+.#............P##,
,,,,,,,,........@S......[......#≈
+,,,,,,,.b..............≈.<.≈≈≈≈P
#,,,,,,,...............≈≈≈≈≈≈≈≈≈.
.,,,,,,,......#.+.....≈≈≈≈≈≈≈≈≈≈.
.,,,,,,,.......#.......≈≈≈≈≈≈≈≈≈.
.,,,,,,,......P#####.#≈≈≈≈≈≈≈≈≈..
*,∆,,,,,...[..#* ##..≈≈≈≈≈≈≈..#
*****,*,...+P#* #.).≈≈≈≈.≈.##
****###..## ##.##.......#


You could see a black mamba.

Vanquished Creatures
  4 two-headed ogres
  An unseen horror (D:10)
  A black mamba (Lair:2)
  A spiny frog (Lair:1)
  A queen bee (Lair:1)
  A hippogriff (D:8)
  2 yaks (D:10)
  A wyvern (D:8)
  A basilisk (Lair:2)
  A hungry ghost (D:10)
  5 vampire mosquitoes (Lair:2)
  A water moccasin (Lair:1)
  2 porcupines
  2 sky beasts
  An ice beast (D:6)
  An eye of draining (D:9)
  2 orc warriors
  A phantom (D:4)
  8 ogres
  12 wolves
  3 centaurs
  2 crocodiles (Lair:2)
  2 big kobolds
  6 bullfrogs
  A wyvern zombie (D:10)
  2 scorpions
  28 killer bees
  A howler monkey (D:4)
  2 centaur zombies
  A crimson imp (D:8)
  A quasit (D:6)
  2 bullfrog zombies
  2 hounds
  5 orc priests
  A jelly (D:9)
  A bullfrog skeleton (D:6)
  A centaur skeleton (D:6)
  4 iguanas
  12 orc wizards
  5 worker ants
  A hound zombie (D:10)
  A hound skeleton (D:9)
  8 gnolls
  11 adders
  4 shadow imps
  3 oozes
  2 worms
  2 dart slugs (D:1)
  3 leopard geckos
  30 orcs
  2 ball pythons (D:3)
  7 giant cockroaches
  4 goblins
  10 hobgoblins
  8 jackals
  8 kobolds
  4 quokkas
  8 bats
  6 frilled lizards
  2 jackal skeletons
  A quokka skeleton (D:4)
  8 rats
  A fungus (Lair:1)
  2 plants (Lair:1)
267 creatures vanquished.

Vanquished Creatures (collateral kills)
  A yak (D:10)
  An orc warrior (D:10)
  An ogre (D:9)
3 creatures vanquished.

Vanquished Creatures (others)
  3 fungi
  2 plants
5 creatures vanquished.

Grand Total: 275 creatures vanquished

Notes
Turn   | Place    | Note
-------+----------+-------------------------------------------
     0 | D:1      | wolfsongas the Gnoll Wanderer began the quest for the Orb.
     0 | D:1      | wolfsongas set off with: a +2 hand crossbow, 22 bolts, a scroll of teleportation, a wand of random effects (15), a +0 robe, a ration
     0 | D:1      | Reached XP level 1. HP: 23/23 MP: 2/2
    74 | D:1      | Reached XP level 2. HP: 29/29 MP: 3/3
   132 | D:1      | You fall through a shaft!
   350 | D:2      | Reached XP level 3. HP: 35/35 MP: 4/4
   530 | D:2      | Found an opulent altar of Gozag.
   570 | D:2      | Became a worshipper of Gozag Ym Sagoz the Greedy
  1002 | D:1      | Reached skill level 1 in Invocations
  1103 | D:1      | Reached skill level 1 in Short Blades
  1103 | D:1      | Reached skill level 1 in Long Blades
  1103 | D:1      | Reached skill level 1 in Axes
  1103 | D:1      | Reached skill level 1 in Maces & Flails
  1103 | D:1      | Reached skill level 1 in Polearms
  1103 | D:1      | Reached skill level 1 in Staves
  1103 | D:1      | Reached skill level 1 in Slings
  1103 | D:1      | Reached skill level 1 in Bows
  1103 | D:1      | Reached skill level 1 in Throwing
  1103 | D:1      | Reached skill level 1 in Dodging
  1103 | D:1      | Reached skill level 1 in Stealth
  1103 | D:1      | Reached skill level 1 in Unarmed Combat
  1103 | D:1      | Reached skill level 1 in Spellcasting
  1198 | D:1      | Reached XP level 4. HP: 41/41 MP: 6/6
  1653 | D:3      | Reached skill level 1 in Conjurations
  1653 | D:3      | Reached skill level 1 in Hexes
  1653 | D:3      | Reached skill level 1 in Charms
  1653 | D:3      | Reached skill level 1 in Summonings
  1653 | D:3      | Reached skill level 1 in Necromancy
  1653 | D:3      | Reached skill level 1 in Translocations
  1653 | D:3      | Reached skill level 1 in Transmutations
  1653 | D:3      | Reached skill level 1 in Fire Magic
  1653 | D:3      | Reached skill level 1 in Ice Magic
  1653 | D:3      | Reached skill level 1 in Air Magic
  1653 | D:3      | Reached skill level 1 in Earth Magic
  1653 | D:3      | Reached skill level 1 in Poison Magic
  1750 | D:3      | Found a snail-covered altar of Cheibriados.
  1864 | D:3      | Found an iron altar of Okawaru.
  1891 | D:3      | Found a sacrificial altar of Ru.
  2008 | D:3      | Found a shattered altar of Ashenzari.
  2205 | D:4      | Reached XP level 5. HP: 46/47 MP: 7/7
  2220 | D:4      | Noticed an ogre
  2231 | D:4      | Killed an ogre
  2395 | D:4      | Reached XP level 6. HP: 53/53 MP: 8/8
  2529 | D:4      | Reached skill level 5 in Crossbows
  2705 | D:4      | Found a stormy altar of Qazlal.
  2841 | D:5      | Entered Level 5 of the Dungeon
  3077 | D:5      | Reached XP level 7. HP: 46/59 MP: 10/10
  3508 | D:5      | Reached XP level 8. HP: 52/67 MP: 12/12
  4227 | D:6      | Found a staircase to the Ecumenical Temple.
  4385 | D:6      | Found a white marble altar of Elyvilon.
  4518 | D:6      | Found a basalt altar of Yredelemnul.
  4635 | D:6      | Reached XP level 9. HP: 43/72 MP: 14/14
  4926 | D:6      | Learned a level 2 spell: Swiftness
  5481 | D:7      | Reached skill level 5 in Shields
  5481 | D:7      | Reached skill level 5 in Evocations
  5845 | D:8      | Found Busch's Assorted Antiques.
  5867 | D:8      | Bought a steaming ivory amulet for 135 gold pieces
  5870 | D:8      | Identified the amulet of Iseobb {*Slow +Rage rN+ Str+9} (You bought it in a shop on level 8 of the Dungeon)
  5905 | D:8      | Found Kyeruwul's Antique Weapon Shoppe.
  5923 | D:8      | Noticed a two-headed ogre
  5944 | D:8      | Killed a two-headed ogre
  5944 | D:8      | Reached skill level 5 in Invocations
  5958 | D:8      | Reached XP level 10. HP: 58/80 MP: 15/17
  6110 | D:8      | Found a glowing silver altar of Zin.
  6186 | D:8      | Found Wudet's Gadget Emporium.
  6195 | D:8      | Found Doestruab's Book Shoppe.
  6313 | D:8      | Found Rep Were's Armour Shop.
  6433 | D:8      | Noticed a two-headed ogre
  6444 | D:8      | Killed a two-headed ogre
  6444 | D:8      | Reached skill level 5 in Short Blades
  6444 | D:8      | Reached skill level 5 in Long Blades
  6444 | D:8      | Reached skill level 5 in Axes
  6444 | D:8      | Reached skill level 5 in Maces & Flails
  6444 | D:8      | Reached skill level 5 in Polearms
  6444 | D:8      | Reached skill level 5 in Staves
  6444 | D:8      | Reached skill level 5 in Slings
  6444 | D:8      | Reached skill level 5 in Bows
  6444 | D:8      | Reached skill level 5 in Throwing
  6444 | D:8      | Reached skill level 5 in Dodging
  6444 | D:8      | Reached skill level 5 in Stealth
  6444 | D:8      | Reached skill level 5 in Unarmed Combat
  6444 | D:8      | Reached skill level 5 in Spellcasting
  7176 | D:9      | Found a shadowy altar of Dithmenos.
  7176 | D:9      | Found a faded altar of an unknown god.
  7181 | D:9      | Found a radiant altar of Vehumet.
  7183 | D:9      | Found a faded altar of an unknown god.
  7184 | D:9      | Found a hazy altar of Hepliaklqana.
  7602 | D:10     | Entered Level 10 of the Dungeon
  7667 | D:10     | Found a staircase to the Lair.
  8349 | D:10     | Killed an unseen horror
  8686 | D:10     | Noticed a two-headed ogre
  8703 | D:10     | Killed a two-headed ogre
  9066 | D:10     | Noticed a two-headed ogre
  9080 | D:10     | Killed a two-headed ogre
  9080 | D:10     | Reached XP level 11. HP: 76/87 MP: 19/19
 10337 | D:11     | Noticed a two-headed ogre
 10367 | Lair:1   | Entered Level 1 of the Lair of Beasts
 10515 | Lair:1   | Reached skill level 5 in Conjurations
 10515 | Lair:1   | Reached skill level 5 in Hexes
 10515 | Lair:1   | Reached skill level 5 in Charms
 10515 | Lair:1   | Reached skill level 5 in Summonings
 10515 | Lair:1   | Reached skill level 5 in Necromancy
 10515 | Lair:1   | Reached skill level 5 in Translocations
 10515 | Lair:1   | Reached skill level 5 in Transmutations
 10515 | Lair:1   | Reached skill level 5 in Fire Magic
 10515 | Lair:1   | Reached skill level 5 in Ice Magic
 10515 | Lair:1   | Reached skill level 5 in Air Magic
 10515 | Lair:1   | Reached skill level 5 in Earth Magic
 10515 | Lair:1   | Reached skill level 5 in Poison Magic
 13209 | Lair:2   | Gained mutation: You are covered in fur. (AC +1) [potion of mutation]
 13209 | Lair:2   | Gained mutation: You are agile. (Dex +2) [potion of mutation]
 14072 | Lair:2   | HP: 4/89 [poisoned by a black mamba]
 14074 | Lair:2   | HP: 1/89 [poisoned by a black mamba]
 14075 | Lair:2   | Succumbed to a black mamba's poison

Vault maps used:
D:1:      roderic_dead_forest
D:2:      nicolae_gozag_seed_capital, hangedman_decor_riveting,
          interstate_on_off
D:3:      nicolae_overflow_quartered_altars, first_ration,
          kennysheep_small_spiral
D:4:      nicolae_qazlal_general_emergency
D:6:      kennysheep_ying_yang, minmay_temple_entry_statues
D:7:      nicolae_overflow_hidden_temple
D:8:      zin_treasury, serial_shops, nicolae_shop_crystal, shop,
          nicolae_shop_statue_plus, shop, nicolae_shop_overgrown_old_shop
D:9:      chequers_temple_overflow_minitemple
D:10:     grunt_lair_entry_orc_guard_hut
D:11:     basic_altar, hangedman_fish_farm
Lair:1:   special_room, serial_bayou_shore_a
Lair:2:   minmay_swamp_entry_swarm, lemuel_fruit_fields,
          infiniplex_staircase_pool

Skill      XL: |  1  2  3  4  5  6  7  8  9 10 11 |
---------------+----------------------------------+-----
Invocations    | 1 2 3 4 5 6 7 |  7.2
Short Blades   | 1 2 3 4 5 6 |  6.5
Long Blades    | 1 2 3 4 5 6 |  6.5
Axes           | 1 2 3 4 5 6 |  6.5
Maces & Flails | 1 2 3 4 5 6 |  6.5
Polearms       | 1 2 3 4 5 6 |  6.5
Staves         | 1 2 3 4 5 6 |  6.5
Slings         | 1 2 3 4 5 6 |  6.5
Bows           | 1 2 3 4 5 6 |  6.5
Throwing       | 1 2 3 4 5 6 |  6.5
Dodging        | 1 2 3 4 5 6 |  6.5
Stealth        | 1 2 3 4 5 6 |  6.5
Unarmed Combat | 1 2 3 4 5 6 |  6.5
Spellcasting   | 1 2 3 4 5 6 |  6.5
Conjurations   | 1 2 3 4 5 |  5.4
Hexes          | 1 2 3 4 5 |  5.4
Charms         | 1 2 3 4 5 |  5.4
Summonings     | 1 2 3 4 5 |  5.4
Necromancy     | 1 2 3 4 5 |  5.4
Translocations | 1 2 3 4 5 |  5.4
Transmutations | 1 2 3 4 5 |  5.4
Fire Magic     | 1 2 3 4 5 |  5.4
Ice Magic      | 1 2 3 4 5 |  5.4
Air Magic      | 1 2 3 4 5 |  5.4
Earth Magic    | 1 2 3 4 5 |  5.4
Poison Magic   | 1 2 3 4 5 |  5.4
Shields        | 3 4 5 6 7 |  7.1
Evocations     | 3 4 5 6 7 |  7.1
Crossbows      | 5 6 7 8 |  8.1
Fighting       | 7 8 9 |  9.3
Armour         | 7 8 9 |  9.3

Action                   |  1- 3 |  4- 6 |  7- 9 | 10-12 || total
-------------------------+-------+-------+-------+-------++-------
Melee: Flail             |       |     6 |   340 |   267 ||   613
       Bite              |       |       |    34 |    90 ||   124
       Punch             |       |       |     6 |       ||     6
       War axe           |       |       |       |   275 ||   275
       Unarmed           |       |       |       |     2 ||     2
 Fire: Hand crossbow     |    69 |   113 |    51 |    30 ||   263
 Cast: Swiftness         |       |       |     2 |     3 ||     5
Invok: Potion Petition   |       |       |       |     1 ||     1
       Call Merchant     |       |       |       |     1 ||     1
Evoke: Wand              |       |       |       |     1 ||     1
  Use: Scroll            |     5 |     4 |     6 |    20 ||    35
       Potion            |       |     2 |     3 |    12 ||    17
 Stab: Sleeping          |       |       |     9 |     8 ||    17
       Distracted        |       |       |     1 |     2 ||     3
  Eat: Ration            |       |     2 |     3 |     8 ||    13
Armor: Ring mail         |     3 |    21 |   204 |   296 ||   524
       Skin              |       |     1 |       |       ||     1
       Plate armour      |       |       |       |    58 ||    58
Dodge: Dodged            |     5 |    16 |   285 |   415 ||   721
Block: Buckler           |       |       |    32 |    11 ||    43
       Shield            |       |       |       |   497 ||   497

Table legend:
 A = Spawn XP
 B = Non-spawn XP
 C = Spawn XP percentage of total XP
 D = Spawn monster count
 E = Non-spawn monster count
 F = Spawn count percentage of total count
 G = Total turns spent on level
                    A         B        C        D         E        F      G
               +---------+---------+-------+---------+---------+-------+---------
         Total |       0 |   16999 |   0.0 |       0 |     267 |   0.0 | 14075
               +---------+---------+-------+---------+---------+-------+---------
           D:1 |       0 |      47 |   0.0 |       0 |      24 |   0.0 |   517
           D:2 |       0 |      39 |   0.0 |       0 |      21 |   0.0 |   883
           D:3 |       0 |      61 |   0.0 |       0 |      14 |   0.0 |   795
           D:4 |       0 |     477 |   0.0 |       0 |      15 |   0.0 |   745
           D:5 |       0 |     805 |   0.0 |       0 |      32 |   0.0 |   940
           D:6 |       0 |    1288 |   0.0 |       0 |      28 |   0.0 |  1237
           D:7 |       0 |     772 |   0.0 |       0 |      25 |   0.0 |   746
           D:8 |       0 |    2555 |   0.0 |       0 |      16 |   0.0 |  1108
           D:9 |       0 |     810 |   0.0 |       0 |      20 |   0.0 |  1303
          D:10 |       0 |    4451 |   0.0 |       0 |      23 |   0.0 |  2313
        Lair:1 |       0 |    2803 |   0.0 |       0 |      30 |   0.0 |  2757
        Lair:2 |       0 |    2891 |   0.0 |       0 |      19 |   0.0 |   718
               +---------+---------+-------+---------+---------+-------+---------
